 Dungeon Crawl Stone Soup version 0.19-a0-994-g3c636f0 (webtiles) character file.

3974 mistymad the Spear-Bearer (level 10, -3/80 HPs)
             Began as a Merfolk Gladiator on July 17, 2016.
             Was a Follower of Fedhas.
             Slain by an ice beast (9 damage)
             ... on level 8 of the Dungeon.
             The game lasted 00:17:18 (8794 turns).

mistymad the Spear-Bearer (Merfolk Gladiator)       Turns: 8794, Time: 00:17:20

Health: -3/80      AC:  8    Str: 18    XL:     10   Next: 22%
Magic:  10/10      EV: 15    Int:  8    God:    Fedhas [*.....]
Gold:   303        SH:  0    Dex: 15    Spells: 0 memorised, 9 levels left

rFire  . . .     SeeInvis .     k - +1 glaive
rCold  . . .     Gourm    .     p - +0 scale mail
rNeg   . . .     Faith    .     (shield currently unavailable)
rPois  .         Spirit   .     c - +0 helmet
rElec  .         Dismiss  .     (no cloak)
rCorr  +         Reflect  .     (no gloves)
SustAt .         Harm     .     (no boots)
MR     +....                    (no amulet)
Stlth  ..........               u - ring of resist corrosion
                                n - ring of protection from magic

@: lethally poisoned (-3 -> -4), drained, somewhat resistant to hostile
enchantments, extremely unstealthy
A: change form in water, swift swim
a: Evolution, Renounce Religion


You were on level 8 of the Dungeon.
You worshipped Fedhas.
Fedhas was aware of your devotion.
You were hungry.

You visited 2 branches of the dungeon, and saw 9 of its levels.

You collected 303 gold pieces.

Inventory:

Hand Weapons
 a - a +0 trident
 k - a +1 glaive (weapon)
Missiles
 w - a throwing net (quivered)
Armour
 c - a +0 helmet (worn)
 o - a +0 buckler
 p - a +0 scale mail (worn)
Jewellery
 n - a ring of protection from magic (left hand)
 u - a ring of resist corrosion (right hand)
Wands
 d - a wand of hasting (3/9)
 e - a wand of polymorph (6/24)
 m - a wand of flame (27/48)
 v - a wand of enslavement (8/24)
Scrolls
 g - 2 scrolls of remove curse
 q - 3 scrolls of teleportation
 r - 6 scrolls of identify
 s - 2 scrolls of enchant weapon
Potions
 b - 4 potions of might {unknown}
 i - 4 potions of curing
 j - a potion of flight
 A - a potion of lignification {unknown}
Comestibles
 f - 7 bread rations
 h - 3 meat rations
 t - a slice of pizza
 x - 2 royal jellies
 B - a beef jerky


   Skills:
 + Level 7.6(6.9) Fighting
 + Level 10.6(9.9) Polearms
 - Level 2.0(1.3) Throwing
 + Level 5.1(4.5) Armour
 + Level 9.7(9.0) Dodging
 - Level 4.5(3.8) Shields


You had 9 spell levels left.
You didn't know any spells.

Dungeon Overview and Level Annotations

Branches:
Dungeon (8/15)             Temple (1/1) D:6            Lair (0/6) D:8

Altars:
Ashenzari
Cheibriados
Dithmenos
Elyvilon
Fedhas
Gozag
Hepliaklqana
Kikubaaqudgha
Makhleb
Nemelex Xobeh
Okawaru
Pakellas
Qazlal
Ru
Sif Muna
Trog
Uskayaw
Vehumet
Xom
Yredelemnul
Zin
The Shining One

Shops:
D:5 }(   D:6 }


Message History

Aim: an ice beast (moderately wounded)
You closely miss the ice beast.
The ice beast is moderately wounded.
You feel sick. The ice beast barely misses you. x2
Attack whom?
Press: ? - help, Dir - move target cursor, f/p - ice beast
Aim: an ice beast (moderately wounded)
You hit the ice beast.
The ice beast is moderately wounded.
The ice beast barely misses you.
Attack whom?
Press: ? - help, Dir - move target cursor, f/p - ice beast
Aim: an ice beast (moderately wounded)
You barely miss the ice beast.
The ice beast is moderately wounded.
You feel sick. The ice beast hits you.
* * * LOW HITPOINT WARNING * * *
The ice beast freezes you!
You die...
Fedhas appreciates your contribution to the ecosystem.

.....#######..##)#
....... ..##..##.####
.....####.#.........#
.....##.#.###.##.##.#
........#.#......##.#
.....##.#.#.#.#####.#
.....#......#.# #.#
.(...####.###.#####.#
รท...())...#
#.oY@...# .....######
##)###### ...(## #.#
....# #.# ....# #.#
##### #.# #oo.#
...o.# .......#


You could see an ice beast and an orc.

Vanquished Creatures
  A polar bear (D:8)
  Grinder (D:4)
  Sigmund (D:4)
  Eustachio (D:5)
  A steam dragon (D:7)
  Menkaure (D:5)
  2 porcupines (D:8)
  A black bear (D:4)
  2 sky beasts
  An orc warrior (D:7)
  An ice beast (D:8)
  2 wolves (D:8)
  6 ogres
  A centaur (D:8)
  A crocodile (D:8)
  Blork the orc (D:5)
  2 big kobolds
  2 giant frogs
  A scorpion (D:5)
  A water moccasin skeleton (D:6)
  3 wights (D:8)
  A howler monkey (D:6)
  A crimson imp (D:7)
  3 orc priests
  A hound (D:5)
  9 orc wizards
  Jessica (D:3)
  2 iguanas
  Ijyb (D:3)
  A hell rat (D:8)
  7 worker ants
  A giant frog simulacrum (D:8)
  A howler monkey zombie (D:5)
  2 worker ant zombies
  4 gnolls (D:7)
  8 adders
  A river rat (D:8)
  An adder zombie (D:5)
  2 worms (D:3)
  3 dart slugs
  4 giant geckos
  14 orcs
  2 ball pythons
  5 giant cockroaches
  6 goblins
  4 hobgoblins
  3 jackals (D:5)
  9 kobolds
  5 quokkas
  8 bats
  A giant gecko skeleton (D:4)
  3 giant newts
  11 rats
158 creatures vanquished.

Vanquished Creatures (others)
  A human (D:6)
  A kobold (D:3)
  44 toadstools
  4 withered plants (D:5)
50 creatures vanquished.

Grand Total: 208 creatures vanquished

Notes
Turn   | Place    | Note
-------+----------+-------------------------------------------
     0 | D:1      | mistymad the Merfolk Gladiator began the quest for the Orb.
     0 | D:1      | Reached XP level 1. HP: 16/16 MP: 1/1
    86 | D:1      | Reached XP level 2. HP: 22/22 MP: 2/2
   717 | D:1      | Reached XP level 3. HP: 28/28 MP: 3/3
   871 | D:2      | Reached skill level 5 in Polearms
   983 | D:2      | Reached skill level 1 in Armour
  1648 | D:3      | Reached XP level 4. HP: 34/34 MP: 4/4
  1944 | D:3      | Noticed a big kobold
  1966 | D:3      | Killed a big kobold
  1966 | D:3      | Reached skill level 5 in Dodging
  1966 | D:3      | Reached skill level 1 in Shields
  1966 | D:3      | Reached XP level 5. HP: 29/41 MP: 5/5
  2207 | D:3      | Noticed Ijyb
  2220 | D:3      | Killed Ijyb
  2448 | D:3      | Noticed Jessica
  2450 | D:3      | Killed Jessica
  2450 | D:3      | Reached XP level 6. HP: 48/48 MP: 6/6
  2972 | D:4      | Noticed Grinder
  3049 | D:4      | Noticed Sigmund
  3058 | D:5      | Entered Level 5 of the Dungeon
  3079 | D:5      | Found Wopyrr's Quality Used Wands.
  3113 | D:5      | Reached skill level 6 in Polearms
  3142 | D:5      | Found an ancient bone altar of Kikubaaqudgha.
  3159 | D:5      | Noticed Menkaure
  3527 | D:4      | Paralysed by Grinder for 3 turns
  3884 | D:5      | Killed Menkaure
  3884 | D:5      | Reached XP level 7. HP: 5/54 MP: 7/7
  4196 | D:5      | Found Ynkihyh's Weapon Shoppe.
  4348 | D:5      | Noticed Blork the orc
  4368 | D:5      | Killed Blork the orc
  4631 | D:5      | Noticed Eustachio
  4648 | D:5      | Killed Eustachio
  4648 | D:5      | Reached skill level 7 in Polearms
  4648 | D:5      | Reached XP level 8. HP: 51/61 MP: 8/8
  4773 | D:6      | Reached skill level 5 in Fighting
  4942 | D:6      | Found an oddly glowing altar of Pakellas.
  4942 | D:6      | Found Pakellas's Prime Provisions.
  5151 | D:6      | Found a staircase to the Ecumenical Temple.
  5167 | D:6      | Found an ancient bone altar of Kikubaaqudgha.
  5188 | Temple   | Entered the Ecumenical Temple
  5219 | Temple   | Became a worshipper of Fedhas Madash
  5639 | D:5      | Reached skill level 8 in Polearms
  5948 | D:4      | Paralysed by Grinder for 5 turns
  5961 | D:4      | Killed Grinder
  5961 | D:4      | Reached XP level 9. HP: 69/69 MP: 9/9
  6058 | D:4      | Killed Sigmund
  6460 | D:7      | Found a basalt altar of Yredelemnul.
  6461 | D:7      | Found a burning altar of Makhleb.
  6521 | D:7      | Reached skill level 9 in Polearms
  7384 | D:7      | Found a hide-covered altar of Uskayaw.
  7889 | D:8      | Noticed a polar bear
  7907 | D:8      | Killed a polar bear
  7907 | D:8      | Reached skill level 10 in Polearms
  7923 | D:8      | Reached * piety under Fedhas
  8082 | D:8      | Reached XP level 10. HP: 60/79 MP: 10/10
  8171 | D:8      | Found a staircase to the Lair.
  8203 | D:8      | Reached skill level 5 in Armour
  8794 | D:8      | Slain by an ice beast

Vault maps used:
D:1:      minmay_arrival_loop, minmay_pentomino_q2
D:3:      first_bread, lemuel_flame_loot_1, uniq_jessica, uniq_iyjb
D:4:      black_bear_nest_1, uniq_sigmund, uniq_grinder
D:5:      kiku_gazebo_garden_becter, serial_shops, shop_statue,
          minmay_misc_feat_iff, nicolae_for_you_no_charge, uniq_eustachio,
          uniq_blork_the_orc, uniq_menkaure
D:6:      johnstein_pakellas_shop, tgw_kikubaaqudgha
D:7:      kennysheep_mini, minitemple
D:8:      dpeg_lair_monsters, serial_shops, nicolae_shop_trees, serial_ice,
          serial_ice_m, serial_ice_h, serial_ice_f, serial_ice_j, serial_ice_g
Temple:   minmay_crystal_spiral_temple

Skill      XL: |  1  2  3  4  5  6  7  8  9 10 |
---------------+-------------------------------+-----
Polearms       | 5 6 7 8 10 | 10.6
Armour         | 1 2 3 4 5 |  5.1
Fighting       | 3 4 5 7 |  7.6
Dodging        | 5 6 7 9 |  9.7
Shields        | 1 2 3 4 |  4.5
Throwing       | |  2.0

Action                   |  1- 3 |  4- 6 |  7- 9 | 10-12 || total
-------------------------+-------+-------+-------+-------++-------
Melee: Trident           |    87 |   218 |    46 |       ||   351
       Glaive            |       |       |   241 |    67 ||   308
Throw: Throwing net      |       |       |     4 |       ||     4
  Use: Scroll            |     5 |     4 |     2 |       ||    11
       Potion            |       |     1 |     2 |     3 ||     6
 Stab: Distracted        |     1 |       |       |       ||     1
       Sleeping          |     1 |       |       |       ||     1
       Invisible         |       |       |     1 |       ||     1
  Eat: Chunk             |     2 |     7 |    15 |     2 ||    26
Armor: Leather armour    |    10 |       |       |       ||    10
       Ring mail         |     5 |    37 |       |       ||    42
       Scale mail        |       |    27 |    78 |    12 ||   117
Dodge: Dodged            |    42 |   102 |   188 |    61 ||   393
Block: Buckler           |     6 |    26 |     8 |       ||    40
